 Dungeon Crawl Stone Soup version 0.23.2-1-ga50397a (webtiles) character file.

Game seed: 10159401813603003954

179 goulibeur the Skirmisher (level 5, -3/70 HPs)
             Began as a Draconian Berserker on May 25, 2019.
             Was a Priest of Trog.
             Slain by a gnoll
             ... wielding a +0 spear
              (5 damage)
             ... on level 4 of the Dungeon.
             The game lasted 00:07:47 (3433 turns).

goulibeur the Skirmisher (Draconian Berserker)      Turns: 3433, Time: 00:07:47

Health: -3/70      AC:  5    Str: 25    XL:     5   Next: 32%
Magic:  5/5        EV: 12    Int:  7    God:    Trog [***...]
Gold:   96         SH:  3    Dex: 11    Spells: 4/4 levels left

rFire    . . .     SeeInvis .   a - +0 mace
rCold    . . .     Gourm    .   l - +0 buckler
rNeg     . . .     Faith    .   (armour unavailable)
rPois    .         Spirit   .   (helmet restricted)
rElec    .         Reflect  .   (no cloak)
rCorr    .         Harm     .   (no gloves)
MR       .....                  (no boots)
Stlth    ..........             (no amulet)
HPRegen  0.21/turn              (no ring)
MPRegen  0.09/turn              (no ring)

@: berserking (expiring), very quick
A: unfitting armour, cold-blooded, AC +5
a: Berserk, Trog's Hand, Renounce Religion


You were on level 4 of the Dungeon.
You worshipped Trog.
Trog was most pleased with you.
You were very hungry.

You visited 1 branch of the dungeon, and saw 4 of its levels.

You collected 96 gold pieces.

Inventory:

Hand Weapons
 a - a +0 mace (weapon)
Missiles
 c - 3 javelins of returning (quivered)
Armour
 l - a +0 buckler (worn)
Jewellery
 g - an uncursed ring of protection from fire {unknown}
Wands
 m - a wand of random effects (13)
Scrolls
 h - 2 scrolls of remove curse {unknown}
 i - 2 scrolls of fear {unknown}
 k - a scroll of magic mapping {unknown}
 o - a scroll of teleportation {unknown}
Potions
 d - a potion of might {unknown}
 e - 2 potions of curing {unknown}
 f - 3 potions of invisibility {unknown}
 j - 4 potions of flight {unknown}
 n - a potion of heal wounds {unknown}
 p - a potion of resistance {unknown}
Comestibles
 b - 4 rations


   Skills:
 * Level 4.4 Fighting
 * Level 4.0 Maces & Flails
 + Level 2.0 Throwing
 + Level 3.5 Dodging
 + Level 0.4 Shields


You had 4 spell levels left.
You didn't know any spells.
Your spell library was empty.

Dungeon Overview and Level Annotations

Branches:
Dungeon (4/15)
 Temple: D:4-7

Altars:
Ashenzari


Innate Abilities, Weirdness & Mutations

Your plain brown scales are hard. (AC +5)
You cannot fit into any form of body armour.
You are cold-blooded and may be slowed by cold attacks.


Message History

The crimson imp blinks!
The gnoll hits you from afar with a +0 spear.
* * * LOW HITPOINT WARNING * * *
You barely miss the gnoll.
The gnoll is moderately wounded.
The gnoll completely misses you.
The gnoll hits you from afar with a +0 spear!
* * * LOW HITPOINT WARNING * * *
You sock the gnoll!
You kill the gnoll!
Trog accepts your kill.
You sock the gnoll!
You kill the gnoll!
Trog accepts your kill.
Your Maces & Flails skill increases to level 4!
Your Throwing skill increases to level 2!
The gnoll hits you from afar with a +0 spear.
* * * LOW HITPOINT WARNING * * *
The gnoll hits you with a +0 spear.
You die...

###### #...!# #....#
.####....#
................#
.........# #.†# .>
......>..# ##†# ....
.........# #)# .....
.........# #@##?.?..
.$.......######.g5.....
.....=.....##..........
.<.....................
##.....##...........##
#####.###...<........
#.###........#.##
##.#=..###......#
###......g..).....#


You could see a gnoll and a crimson imp.

Vanquished Creatures
  3 adders
  4 gnolls (D:4)
  An ooze (D:2)
  An adder skeleton (D:4)
  5 worms (D:2)
  3 dart slugs
  4 leopard geckos
  2 orcs (D:3)
  4 giant cockroaches
  5 hobgoblins
  7 jackals
  A quokka (D:2)
  9 bats
  3 frilled lizards
  16 goblins
  7 kobolds
  A quokka skeleton (D:4)
  7 rats
83 creatures vanquished.

Notes
Turn   | Place    | Note
-------+----------+-------------------------------------------
     0 | D:1      | goulibeur the Draconian Berserker began the quest for the
                  | Orb.
     0 | D:1      | Reached XP level 1. HP: 19/19 MP: 1/1
   229 | D:1      | Reached XP level 2. HP: 23/26 MP: 2/2
   856 | D:1      | Found a shattered altar of Ashenzari.
   873 | D:1      | Reached skill level 1 in Throwing
   988 | D:1      | Reached XP level 3. HP: 32/33 MP: 3/3
  1180 | D:2      | Reached ** piety under Trog
  1955 | D:2      | Reached XP level 4. HP: 40/40 MP: 4/4
  2352 | D:2      | Found a faded altar of an unknown god.
  2949 | D:3      | Reached *** piety under Trog
  3423 | D:4      | Reached XP level 5. HP: 22/46 MP: 5/5
  3430 | D:4      | HP: 2/70 [gnoll/+0 spear (7)]
  3433 | D:4      | Slain by a gnoll

Skill      XL: |  1  2  3  4  5 |
---------------+----------------+-----
Throwing       | 1 2 |  2.0
Dodging        | 3 |  3.5
Fighting       | 4 |  4.4
Maces & Flails | 4 |  4.0
Shields        | |  0.4

Action                   |  1- 3 |  4- 6 || total
-------------------------+-------+-------++-------
Melee: Mace              |   135 |   121 ||   256
       Tailslap          |    19 |    12 ||    31
Invok: Berserk           |       |     1 ||     1
 Stab: Sleeping          |       |     2 ||     2
  Eat: Chunk             |     3 |     5 ||     8
Armor: Skin              |    42 |    43 ||    85
Dodge: Dodged            |   104 |   127 ||   231
Block: Buckler           |       |     9 ||     9
